 Dungeon Crawl Stone Soup version 0.19-a0-82-gd3566c2 (webtiles) character file.

41 wvc the Chopper (level 3, -2/27 HPs)
             Began as a Mummy Gladiator on May 15, 2016.
             Killed from afar by a white imp (5 damage)
             ... with a puff of frost
             ... summoned by Natasha
             ... on level 2 of the Dungeon.
             The game lasted 00:01:23 (1013 turns).

wvc the Chopper (Mummy Gladiator)                   Turns: 1013, Time: 00:01:24

Health: -2/27      AC:  4    Str: 18    XL:     3   Next: 32%
Magic:  3/3        EV: 12    Int:  8    God:
Gold:   108        SH:  0    Dex: 12    Spells: 0 memorised, 2 levels left

rFire  x . .     SeeInvis .     a - +0 war axe
rCold  + . .     Gourm    .     b - +0 leather armour
rNeg   + + +     Faith    .     (no shield)
rPois  ∞         Spirit   .     c - +0 helmet
rElec  .         Dismiss  .     (no cloak)
rCorr  .         Reflect  .     (no gloves)
SustAt .         Harm     .     (no boots)
MR     .....     Rnd*Tele +     (no amulet)
Stlth  +.........               (no ring)
                                i - ring of teleportation (curse)

@: not resistant to hostile enchantments, very unstealthy
A: no food or potions, fire vulnerability, cold resistance 1, negative energy
resistance 3, torment resistance, unbreathing
a: no special abilities


You were on level 2 of the Dungeon.
You were not hungry.

You visited 1 branch of the dungeon, and saw 2 of its levels.

You collected 108 gold pieces.

Inventory:

Hand Weapons
 a - a +0 war axe (weapon)
Missiles
 d - 3 throwing nets (quivered)
Armour
 b - a +0 leather armour (worn)
 c - a +0 helmet (worn)
 e - a +0 ring mail
Jewellery
 i - a cursed ring of teleportation (left hand)
Scrolls
 f - a scroll of amnesia
 g - 2 scrolls of identify
 h - a scroll of enchant weapon


   Skills:
 - Level 2.0 Fighting
 + Level 3.6 Axes
 - Level 1.5 Throwing
 - Level 2.4 Dodging


You had 2 spell levels left.
You didn't know any spells.

Dungeon Overview and Level Annotations

Branches:
Dungeon (2/15)

Altars:
Elyvilon

Annotations:
D:2 Natasha


Innate Abilities, Weirdness & Mutations

You do not eat or drink.
Your flesh is vulnerable to fire.
You are immune to poison.
Your flesh is cold resistant.
You are immune to negative energy.
You are immune to unholy pain and torment.
You can survive without breathing.


Message History

Natasha mumbles some strange words.
You closely miss Natasha. You hit the white imp but do no damage.
Natasha claws you but does no damage. The white imp closely misses you.
You hit Natasha.
Natasha is moderately wounded.
You barely miss the white imp.
Natasha stares at you and mumbles some strange words.
You resist with some effort. The white imp hits you. The white imp freezes you.
You resist.
* * * LOW HITPOINT WARNING * * *
You slash Natasha!
Natasha is almost dead.
You hit the white imp but do no damage. The white imp hits you.
* * * LOW HITPOINT WARNING * * *
The white imp freezes you. You resist.
* * * LOW HITPOINT WARNING * * *
Natasha barely misses you. The white imp gestures at you.
The puff of frost hits you! You resist.
You die...

####### #.....#
#.###.# #.# #!#
#.# #.# #.# #.#
#.# #.#
#.###.###########
#..##...5@h......
##.####.#########
#.# #.# #.# #.#
##.# ##.##
#..###...######
#÷#....#......#
####.#†##...####.#
#..........## #.#


You could see Natasha and a white imp.

Vanquished Creatures
  2 adders (D:2)
  An ooze (D:2)
  A giant gecko (D:1)
  A giant cockroach (D:1)
  A goblin (D:2)
  3 hobgoblins
  4 kobolds
  2 bats
  A giant newt (D:2)
  A rat (D:1)
17 creatures vanquished.

Notes
Turn   | Place    | Note
--------------------------------------------------------------
     0 | D:1      | wvc the Mummy Gladiator began the quest for the Orb.
     0 | D:1      | Reached XP level 1. HP: 16/16 MP: 1/1
   189 | D:1      | Reached XP level 2. HP: 17/22 MP: 2/2
   276 | D:1      | Reached skill level 3 in Axes
   567 | D:2      | Found a white marble altar of Elyvilon.
   774 | D:2      | Reached XP level 3. HP: 27/27 MP: 3/3
  1005 | D:2      | Noticed Natasha
  1013 | D:2      | Killed from afar by a white imp

Vault maps used:
D:1:      dpeg_arrival_chase, minmay_liquid_box, minmay_misc_feat_iff,
          serial_park_tiny_pond
D:2:      kennysheep_ying_yang, zin_treasury, uniq_natasha

Skill      XL: |  1  2 |
---------------+-------+-----
Axes           | 3 |  3.6
Fighting       | |  2.0
Throwing       | |  1.5
Dodging        | |  2.4

Action                   || total
-------------------------++-------
Melee: War axe           ||    54
  Use: Scroll            ||     4
Armor: Leather armour    ||    18
Dodge: Dodged            ||    49
